 Dungeon Crawl Stone Soup version 0.29-a0-96-g93358da72b (webtiles) character file.

Game seed: 11895565875975842297

647 siradein the Ruffian (level 7, -14/66 HPs)
             Began as a Troll Transmuter on Feb 11, 2022.
             Was an Initiate of Kikubaaqudgha.
             Demolished by a mummy (16 damage)
             ... in an ossuary.
             The game lasted 00:09:42 (2793 turns).

siradein the Ruffian (Troll Transmuter)             Turns: 2793, Time: 00:09:43

Health: -14/66     AC:  4    Str: 19    XL:     7   Next: 27%
Magic:  9/10       EV: 10    Int: 11    God:    Kikubaaqudgha [......]
Gold:   201        SH:  0    Dex: 10    Spells: 5/11 levels left

rFire   . . .      SeeInvis .     - Unarmed
rCold   . . .      Faith    .   (no shield)
rNeg    . . .      Spirit   .   o - +0 animal skin
rPois   .          Reflect  .   (helmet currently unavailable)
rElec   .          Harm     .   (no cloak)
rCorr   .          Rampage  .   (gloves unavailable)
Will    +....                   (boots unavailable)
Stlth   +.........              i - amulet of regeneration
HPRegen 1.81/turn               h - ring of willpower
MPRegen 0.12/turn               (no ring)

@: appendages
A: horns 2, talons 2, large, unfitting armour, claws 3, regeneration 1, shaggy
fur 1, tough skin 1
a: End Transformation, Renounce Religion


You were in an ossuary.
You worshipped Kikubaaqudgha.
Kikubaaqudgha was noncommittal.
You had temporarily grown beastly horns and talons.
You visited 1 branch of the dungeon, and saw 5 of its levels.
You also visited: Ossuary.

You collected 201 gold pieces.

Inventory:

Missiles
 t - 4 boomerangs
Armour
 o - a +0 animal skin (worn)
Jewellery
 h - a ring of willpower (left claw)
 i - an amulet of regeneration (around neck)
Wands
 n - a wand of mindburst (8)
 u - a wand of paralysis (9)
Scrolls
 a - a scroll of blinking {unknown}
 b - a scroll of holy word {unknown}
 c - 6 scrolls of identify {unknown}
 d - a scroll of immolation {unknown}
 e - a scroll of noise {unknown}
 j - a scroll of torment {unknown}
 k - 2 scrolls of teleportation {unknown}
 l - a scroll of magic mapping {unknown}
 m - a scroll of brand weapon {unknown}
 p - a scroll of fog {unknown}
 q - a scroll of enchant armour {unknown}
 s - a scroll of fear {unknown}
Potions
 f - a potion of berserk rage {unknown}
 g - a potion of degeneration {unknown}
 r - a potion of magic {unknown}


   Skills:
 + Level 2.4 Fighting
 + Level 2.9 Dodging
 + Level 4.3 Unarmed Combat
 * Level 2.7 Spellcasting
 + Level 0.6 Necromancy
 * Level 3.3 Transmutations


You had 5 spell levels left.
You knew the following spells:

 Your Spells              Type           Power      Damage    Failure   Level
a - Beastly Appendage     Tmut           16%        N/A       7%          1
b - Wereblood             Tmut           8%         N/A       11%         2
c - Spider Form           Tmut/Pois      5%         N/A       38%         3

Your spell library contained the following spells:

 Spells                   Type           Power      Damage    Failure   Level
 Ensorcelled Hibernation  Hex/Ice        2%         N/A       38%         2
 Inner Flame              Hex/Fire       1%         N/A       63%         3
 Tukima's Dance           Hex            1%         N/A       63%         3
 Ice Form                 Ice/Tmut       5%         N/A       80%         4
 Flame Wave               Conj/Fire      1%         2d4       95%         4
 Passage of Golubria      Tloc           1%         N/A       95%         4
 Yara's Violent Unravell  Hex/Tmut       2%         3d3       98%         5


Dungeon Overview and Level Annotations

Branches:
Dungeon (5/15)            Ossuary (1/1)
 Temple: D:4-7

Altars:
Kikubaaqudgha
The Shining One


Innate Abilities, Weirdness & Mutations

You have temporarily grown beastly horns and talons.
You are too large for most types of armour.
You have claws for hands.
Your natural rate of healing is unusually fast.
You are covered in fur. (AC +1)
You have tough skin. (AC +1)


Message History

The bullfrog zombie hits you but does no damage.
The water moccasin zombie completely misses you.
A mummy comes into view.
The bullfrog zombie hits you.
You claw the mummy!
You destroy the mummy!
Kikubaaqudgha accepts your kill.
The water moccasin zombie bites you but does no damage.
The bullfrog zombie hits you but does no damage.
The mummy closely misses you.
You open the door.
A howler monkey zombie comes into view.
The water moccasin zombie bites you!
* * * LOW HITPOINT WARNING * * *
The water moccasin zombie barely misses you.
The mummy hits you!
* * * LOW HITPOINT WARNING * * *
You barely miss the mummy.
The howler monkey zombie closely misses you.
The water moccasin zombie completely misses you.
You claw the mummy!
The mummy is severely damaged.
The howler monkey zombie hits you but does no damage.
The water moccasin zombie bites you.
* * * LOW HITPOINT WARNING * * *
The mummy barely misses you.
You scratch the mummy.
The mummy is almost destroyed.
The howler monkey zombie hits you but does no damage.
The water moccasin zombie bites you.
* * * LOW HITPOINT WARNING * * *
Casting: Beastly Appendage (safe; 7% risk of failure)
Confirm with . or Enter, or press ? or * to list all spells.
You grow a pair of large bovine horns.
Your feet morph into talons.
The water moccasin zombie bites you.
* * * LOW HITPOINT WARNING * * *
The howler monkey zombie hits you but does no damage.
The mummy hits you!
You die...
Kikubaaqudgha rasps: "You have failed me!
Welcome... death!"

+.# #.# '..
#.#####
'.#..∩#
###M#.∩.#
#ZZM#...#
#@##Z##'##≈#
+.ZMM......≈
#+#Z#'#+#+#+
#.#.# #####


You could see 3 mummies, a bog mummy, a water moccasin zombie, a bullfrog zombie
and 2 howler monkey zombies.

Vanquished Creatures
  An ogre (D:4)
  A water moccasin skeleton (D:5)
  An orc priest (D:4)
  A bullfrog skeleton (D:4)
  3 hounds
  Ijyb (D:5)
  3 iguanas (D:4)
  2 orc wizards (D:4)
  2 killer bee zombies (Ossuary)
  3 mummies (Ossuary)
  Robin (D:4)
  3 adders
  A howler monkey skeleton (D:4)
  3 worms
  3 dart slugs
  2 orcs (D:4)
  5 ball pythons
  4 endoplasms
  2 giant cockroaches
  8 hobgoblins
  4 jackals (D:1)
  9 kobolds
  2 quokkas
  6 bats
  3 frilled lizards
  15 goblins
  A quokka skeleton (D:4)
  5 rats
95 creatures vanquished.

Vanquished Creatures (others)
  A withered plant (Ossuary)
1 creature vanquished.

Grand Total: 96 creatures vanquished

Notes
Turn   | Place    | Note
-------+----------+-------------------------------------------
     0 | D:1      | siradein the Troll Transmuter began the quest for the Orb.
     0 | D:1      | Reached XP level 1. HP: 18/18 MP: 1/1
   146 | D:1      | Found a faded altar of an unknown god.
   239 | D:1      | Reached skill level 1 in Fighting
   279 | D:1      | Reached XP level 2. HP: 27/27 MP: 0/3
   808 | D:2      | Reached XP level 3. HP: 33/33 MP: 4/4
   836 | D:2      | Learned a level 2 spell: Wereblood
  1354 | D:2      | Identified the +1 pair of boots of Watchfulness {Will+}
  1628 | D:3      | Got Yxza's Volume of Torrid Beguiling
  1834 | D:4      | Noticed an ogre
  1839 | D:4      | Killed an ogre
  1840 | D:4      | Reached XP level 4. HP: 41/41 MP: 5/5
  1840 | D:4      | Reached XP level 5. HP: 48/48 MP: 6/6
  1844 | D:4      | Learned a level 3 spell: Spider Form
  2026 | D:4      | Reached XP level 6. HP: 54/57 MP: 8/8
  2050 | D:4      | Reached skill level 4 in Unarmed Combat
  2106 | D:4      | Noticed Robin
  2112 | D:4      | Killed Robin
  2545 | D:4      | Found a glowing golden altar of the Shining One.
  2598 | D:4      | Found an ancient bone altar of Kikubaaqudgha.
  2603 | D:4      | Became a worshipper of Kikubaaqudgha
  2644 | D:5      | Entered Level 5 of the Dungeon
  2676 | D:5      | Noticed Ijyb
  2680 | D:5      | Reached XP level 7. HP: 65/65 MP: 7/9
  2684 | D:5      | Killed Ijyb
  2733 | D:5      | Found a sand-covered staircase.
  2738 | Ossuary  | Entered an ossuary
  2793 | Ossuary  | HP: 2/66 [water moccasin zombie (5)]
  2793 | Ossuary  | Demolished by a mummy

Illustrated notes

Levels and vault maps discovered:
D:1:      heliophobic_arrival_dark_side_of_the_moon, layout_loops_ring,
          ebering_ecumenical_altar_mist, chequers_serial_rivers_micro_b,
          minmay_misc_feat_encased, minmay_misc_feat_iff,
          minmay_misc_feat_cross, minmay_misc_feat_diagonals, minivault_23,
          minmay_misc_feat_four_crosses
D:2:      layout_basic, serial_glass, glass_columns_c, glass_columns_a
D:3:      layout_basic
D:4:      nicolae_cairo_tiling, layout_basic, mainiacjoe_overflow_two_lobes,
          uniq_robin
D:5:      layout_basic, lightli_ossuary_entry_decrepit_ruins,
          minmay_gold_behind_fungi, kennysheep_pointless_box, uniq_edmund,
          uniq_ijyb, uniq_crazy_yiuf_cottage
Ossuary:  ossuary_zaba_flooded

Skill      XL: |  1  2  3  4  5  6 |
---------------+-------------------+-----
Fighting       | 1 2 |  2.4
Dodging        | 2 |  2.9
Transmutations | 2 3 |  3.3
Spellcasting   | 2 |  2.7
Unarmed Combat | 4 |  4.3
Necromancy     | |  0.6

Action                   |  1- 3 |  4- 6 |  7- 9 || total
-------------------------+-------+-------+-------++-------
Melee: Unarmed           |   126 |   112 |    57 ||   295
       Punch             |     2 |     3 |     1 ||     6
       Kick              |     2 |       |     1 ||     3
       Headbutt          |     1 |       |     1 ||     2
 Cast: Beastly Appendage |     5 |     1 |     1 ||     7
 Stab: Sleeping          |     2 |       |       ||     2
Armor: Robe              |    49 |    17 |       ||    66
       Animal skin       |       |     6 |    19 ||    25
Dodge: Dodged            |    65 |    36 |    44 ||   145

Table legend: (Time is in decaauts)
 A = Elapsed time spent in this place.
 B = Non-inter-level travel time spent in this place.
 C = Inter-level travel time spent in this place.
 D = Time resting spent in this place.
 E = Time spent auto-exploring this place.
 F = Levels seen in this place.
 G = Mean time per level.
                   A        B        C        D        E       F      G
               +--------+--------+--------+--------+--------+-----+--------+
         Total |   2771 |   2663 |    108 |      0 |   2004 |   6 |  461.8 |
       Dungeon |   2720 |   2612 |    108 |      0 |   2002 |   5 |  544.0 |
       Ossuary |     50 |     50 |      0 |      0 |      2 |   1 |   50.0 |
               +--------+--------+--------+--------+--------+-----+--------+

Top non-repeatable levels by time:
     D:4: 852 daAuts
     D:1: 783 daAuts
     D:2: 600 daAuts
     D:3: 392 daAuts
     D:5: 92 daAuts
 Ossuary: 50 daAuts
